 Dungeon Crawl Stone Soup version 0.19.1-1-g22dce08 (webtiles) character file.

28 McKennaii the Magician (level 2, 0/17 HPs)
             Began as a High Elf Wizard on Jan 6, 2017.
             Succumbed to an adder's poison
             ... on level 2 of the Dungeon.
             The game lasted 00:03:01 (885 turns).

McKennaii the Magician (High Elf Wizard)             Turns: 885, Time: 00:03:01

Health: 0/17       AC:  2    Str:  6    XL:     2   Next: 96%
Magic:  2/8        EV: 13    Int: 21    God:
Gold:   13         SH:  0    Dex: 13    Spells: 4 memorised, 2 levels left

rFire  . . .     SeeInvis .     (no weapon)
rCold  . . .     Gourm    .     a - +0 robe
rNeg   . . .     Faith    .     (no shield)
rPois  .         Spirit   .     b - +0 hat
rElec  .         Reflect  .     (no cloak)
rCorr  .         Harm     .     (no gloves)
MR     .....                    (no boots)
Stlth  ++........               (no amulet)
                                (no ring)
                                (no ring)

@: lethally poisoned (0 -> -6), very slightly contaminated
A: no striking features
a: no special abilities


You were on level 2 of the Dungeon.
You were not hungry.

You visited 1 branch of the dungeon, and saw 2 of its levels.

You collected 13 gold pieces.

Inventory:

Armour
 a - a +0 robe (worn)
 b - a +0 hat (worn)
Scrolls
 e - 3 scrolls of fear {unknown}
 h - a scroll of enchant armour {unknown}
 i - a scroll of remove curse {unknown}
Books
 c - a book of Minor Magic

   Spells                             Type                      Level
   a - Magic Dart                     Conjuration                  1
   b - Blink                          Translocation                2
   c - Call Imp                       Summoning                    2
   d - Repel Missiles                 Charms/Air                   2
   e - Slow                           Hexes                        2
   f - Conjure Flame                  Conjuration/Fire             3
   g - Mephitic Cloud                 Conjuration/Poison/Air       3
Comestibles
 d - a bread ration
 f - 4 fruits
 g - 2 beef jerkies


   Skills:
 + Level 2.5 Dodging
 + Level 2.4 Stealth
 + Level 4.4 Spellcasting
 + Level 1.3 Conjurations
 + Level 0.8 Summonings
 + Level 1.1 Translocations


You had 2 spell levels left.
You knew the following spells:

 Your Spells              Type           Power        Failure   Level  Hunger
a - Magic Dart            Conj           ##..         10%         1    None
b - Call Imp              Summ           #.......     14%         2    #......
c - Blink                 Tloc           N/A          12%         2    #......
d - Slow                  Hex            #.......     17%         2    #......


Dungeon Overview and Level Annotations

Branches:
Dungeon (2/15)

Altars:


Message History

The adder is almost dead.
You feel sick. The adder closely misses you.
You hit the adder.
You kill the adder!
You feel sick.
* * * LOW HITPOINT WARNING * * *
You feel sick.
Found a stone staircase leading down.
* * * LOW HITPOINT WARNING * * *
You feel sick.
* * * LOW HITPOINT WARNING * * *
You feel sick.
* * * LOW HITPOINT WARNING * * *
You feel sick.
* * * LOW HITPOINT WARNING * * *
You feel sick.
* * * LOW HITPOINT WARNING * * *
You feel sick.
There is a stone staircase leading up here.
You die...

. #..# ...........#
. #..# ...........#
#. #..# ...........#
#..#..# ...........#
#.#..# .........).#
#....##########.#'##
###..............#†#
.......###########.#
###.#...........@#.#
# #..........###.#
#............'...#
#...........†#####
#...####.......
............8...#
#...........8.8..#
#....> ....8._.8.#
#.... .....8.8..#


There were no monsters in sight!

Vanquished Creatures
  An adder (D:2)
  A leopard gecko (D:1)
  2 kobolds (D:1)
  6 bats (D:1)
  A frilled lizard (D:1)
  2 goblins (D:1)
  6 rats
19 creatures vanquished.

Vanquished Creatures (collateral kills)
  A goblin (D:2)
  A ball python (D:2)
  A bat (D:2)
3 creatures vanquished.

Vanquished Creatures (others)
  4 toadstools (D:1)
4 creatures vanquished.

Grand Total: 26 creatures vanquished

Notes
Turn   | Place    | Note
-------+----------+-------------------------------------------
     0 | D:1      | McKennaii the High Elf Wizard began the quest for the Orb.
     0 | D:1      | Reached XP level 1. HP: 11/11 MP: 6/6
   444 | D:1      | Reached skill level 4 in Spellcasting
   444 | D:1      | Reached XP level 2. HP: 8/17 MP: 6/8
   559 | D:1      | Learned a level 2 spell: Call Imp
   562 | D:1      | Learned a level 2 spell: Blink
   565 | D:1      | Learned a level 2 spell: Slow
   815 | D:2      | Found a faded altar of an unknown god.
   885 | D:2      | Succumbed to an adder's poison

Skill      XL: |  1 |
---------------+----+-----
Spellcasting   | 4 |  4.4
Dodging        | |  2.5
Stealth        | |  2.4
Conjurations   | |  1.3
Summonings     | |  0.8
Translocations | |  1.1

Action                   || total
-------------------------++-------
Melee: Unarmed           ||    19
 Cast: Magic Dart        ||    38
       Call Imp          ||     3
Armor: Robe              ||     8
Dodge: Dodged            ||    32
